[Event "Early-Titled-Tuesday-Blitz-May-14-2024"]
[Site "Chess.com"]
[Date "2024.05.14"]
[Round "5"]
[White "DenLaz"]
[Black "tjychess"]
[Result "1-0"]
[WhiteElo "3123"]
[BlackElo "2945"]
[TimeControl "180+1"]
[EndTime "8:58:52 PDT"]
[Termination "DenLaz won by resignation"]

1. d4 d5 2. Nf3 Nf6 3. c4 c6 4.
Qc2 dxc4 5. Qxc4 Bf5 6. g3 e6 7.
Bg2 Nbd7 8. O-O Be7 9. Qb3 Qb6 10. Nbd2 O-O 11. Nc4 Qa6 12. Bf4 Nb6 13. Nd6 Nfd5 14. Nxf5 exf5 15. Bd2 Qxe2 16. Rfe1 Qc4 17.
Qd1 Bf6 18. Bf1 Qa4 19. Qc1 c5 20. dxc5 Rac8 21. Bd3 Qg4 22. Be2 Na4 23. Ne5 Qd4 24. Nd7 Rfd8 25. Nxf6+ Qxf6 26. Bg5 Qxb2 27. Bxd8 Rxd8 28.
Qxb2 Nxb2 29. Rab1 Na4 30. Rxb7 Nxc5 31. Rxa7 Nc3 32.
Bc4 h6 33. Re5 N5e4 34. Rxf5 Nd6 35. Bxf7+ Kh7 36. Rf3 Ne2+ 37. Kg2 Nd4 38. Rd3 Nc6 39.
Ra6 Nxf7 40. Rxd8 Nfxd8 41. Rb6 Na5 42. a4 Ndc6 43. h4 Kg6 44. Rb5 Kf6 45. h5 Ke6 46. g4 Kd6 47. Rf5 Nc4 48. Rf7 N4e5 49. Rxg7 Nd4 50. g5 hxg5 51. h6 Ne6 52. h7 Nxg7 53. h8=Q Ne6 54. Qf6 Kd5 55. a5 Nf4+ 56. Kf1 Nc4 57.
a6 Ke4 58. a7 Nd2+ 59. Ke1 Kd3 60. Qd6+ 1-0

[Event "Early-Titled-Tuesday-Blitz-May-14-2024"]
[Site "Chess.com"]
[Date "2024.05.14"]
[Round "5"]
[White "kekic76"]
[Black "Nasrin_Babayeva"]
[Result "1/2-1/2"]
[WhiteElo "2303"]
[BlackElo "1933"]
[TimeControl "180+1"]
[EndTime "8:58:52 PDT"]
[Termination "Game drawn by repetition"]

1. c4 d5 2. cxd5 Qxd5 3. Nc3 Qa5 4. Nf3 Nf6 5. g3 Bf5 6. Bg2 c6 7. O-O e6 8. d4 Nbd7 9. Bf4 Bb4 10. Qb3 O-O 11. a3 Bxc3 12. bxc3 Nd5 13. Bd6 Rfd8 14. Bb4 Qb6 15. c4 Nxb4 16. axb4 c5 17. dxc5 Nxc5 18.
Qa3 Ne4 19. e3 a6 20. c5 Qb5 21. Nd4 Qe8 22. Nxf5 exf5 23. Rfd1 Rxd1+ 24. Rxd1 Rd8 25. Qb3 Nd2 26. Qc3 Ne4 27. Qc2 h6 28. Rxd8 Qxd8 29.
Bxe4 fxe4 30. Qxe4 Qd1+ 31. Kg2 Qd7 32. h4 Qb5 33.
Qd4 a5 34. bxa5 Qxa5 35. Qd6 Qb5 36. Kf3 Qb1 37. Qd8+ Kh7 38. Ke2 Qb2+ 39. Qd2 Qb5+ 40. Qd3+ Qxd3+ 41. Kxd3 Kg6 42. Kc4 Kf6 43. Kb5 Ke5 44. Kb6 Kd5 45. e4+ Kc4 46. c6 bxc6 47. Kxc6 Kd4 48. f3 Ke3 49. Kd6 Kxf3 50. e5 Kxg3 51.
Ke7 Kf4 52. Kxf7 Kxe5 53. Kxg7 Kf5 54. Kxh6 Kf6 55. h5 Kf7 56. Kh7 Kf6 57. h6 Kf7 58. Kh8 Kf8 59. Kh7 Kf7 60. Kh8 Kf8 61.
Kh7 Kf7 1/2-1/2

[Event "Early-Titled-Tuesday-Blitz-May-14-2024"]
[Site "Chess.com"]
[Date "2024.05.14"]
[Round "5"]
[White "ZachHKL"]
[Black "Artem_Koval"]
[Result "0-1"]
[WhiteElo "2318"]
[BlackElo "2565"]
[TimeControl "180+1"]
[EndTime "8:58:57 PDT"]
[Termination "Artem_Koval won on time"]

1. c4 e5 2. g3 c6 3. Bg2 d5 4. cxd5 cxd5 5. d4 e4 6. Nc3 Nc6 7. Bf4 Nf6 8. Nh3 Be7 9. O-O O-O 10.
Bg5 h6 11. Bxf6 Bxf6 12. Nf4 Bxd4 13. Nfxd5 e3 14. fxe3 Bc5 15. Ne4 Bb6 16. Nxb6 Qxb6 17.
Qc1 Ne5 18. Qc5 Qe6 19. Rad1 b6 20. Qd5 Qxd5 21. Rxd5 Nc4 22. Rd4 Nxe3 23. Nf6+ gxf6 24. Bxa8 Nxf1 25. Kxf1 Be6 26. Bf3 Bxa2 27. Ra4 Be6 28.
Rxa7 Rd8 29. Rb7 Rd6 30. b4 Kg7 31. b5 Bc4 32. Bc6 Re6 33. Rxb6 Bxe2+ 34. Kg1 Bxb5 35. Rxb5 Rxc6 36. Rf5 Kg6 37. Rf4 f5 38. Rf2 Kg5 39. Kg2 Rc4 40. Re2 h5 41. Rf2 f4 42. gxf4+ Rxf4 43. Ra2 h4 44. Ra5+ f5 45. Ra8 Rb4 46.
Rg8+ Kf4 47. Kh3 Kf3 48. Rf8 f4 49. Kxh4 Rb7 50. Kg5 Rg7+ 51. Kf6 Rg2 52. h4 Ke2 53. h5 f3 54. Re8+ Kd2 55. Rd8+ Ke3 56. Re8+ Kf4 57. Rf8 f2 58. h6 Ke3 59. Ke7 Rh2 0-1

[Event "Early-Titled-Tuesday-Blitz-May-14-2024"]
[Site "Chess.com"]
[Date "2024.05.14"]
[Round "5"]
[White "tarno17"]
[Black "Good_Knight_Kiss"]
[Result "1/2-1/2"]
[WhiteElo "2168"]
[BlackElo "2351"]
[TimeControl "180+1"]
[EndTime "8:58:57 PDT"]
[Termination "Game drawn by repetition"]

1. e4 c5 2. Nf3 d6 3. Bb5+ Nd7 4. O-O a6 5. Bxd7+ Bxd7 6. d3 Nf6 7. Nc3 e6 8. Ne2 Be7 9. Ng3 O-O 10. Be3 Bc6 11. h3 b5 12. Nh2 d5 13. e5 Nd7 14. f4 f5 15. exf6 Bxf6 16. Rb1 g6 17. Qg4 Qe7 18. c3 Bg7 19. Rbe1 b4 20. Bd2 Rae8 21. f5 Ne5 22. Qf4 Nxd3 23. Qg4 Nxe1 24. Rxe1 gxf5 25. Qe2 bxc3 26. bxc3 d4 27. Qxa6 Qb7 28.
Qe2 dxc3 29. Bc1 Bd5 30. Nh5 Bd4+ 31. Kh1 Qf7 32. Nf4 Be4 33. Nf3 Bxf3 34. Qxf3 Kh8 35. Qc6 e5 36. Ne2 Qxa2 37. Bh6 Qf7 38. Bxf8 Qxf8 39. Qd5 Rd8 40. Qe6 Re8 41. Qc6 Rc8 42.
Qb5 Qg7 43. Qa6 Rg8 44. Qc6 Qg6 45. Qf3 e4 46. Qf1 c2 47. Nf4 Qg3 48. Ne2 Qg5 49. Nf4 Qg7 50. Ne6 Qe5 51. Nf4 Rf8 52. Rc1 Rg8 53.
Rxc2 Be3 54. Ne2 f4 55. Rc4 Qg5 56. Rxe4 Qg6 57. Rc4 Qd3 58. Qa1+ Rg7 59. Qa5 Rg8 60. Qa6 Rg7 61. Qf6 Qxe2 62. Qf8+ Rg8 63. Qf6+ Rg7 64. Qf8+ Rg8 65. Qf6+ Rg7 1/2-1/2

[Event "Early-Titled-Tuesday-Blitz-May-14-2024"]
[Site "Chess.com"]
[Date "2024.05.14"]
[Round "5"]
[White "Brahianzevich"]
[Black "kritipatel"]
[Result "1-0"]
[WhiteElo "2395"]
[BlackElo "2170"]
[TimeControl "180+1"]
[EndTime "8:58:57 PDT"]
[Termination "Brahianzevich won on time"]

1. e4 e5 2. Nf3 Nc6 3. Bb5 a6 4. Ba4 Nf6 5. O-O b5 6. Bb3 Bc5 7. c3 d6 8. d4 Bb6 9. Be3 O-O 10. Nbd2 Bg4 11. dxe5 Bxe3 12. exf6 Bxd2 13. fxg7 Kxg7 14. Qxd2 Bxf3 15. gxf3 Ne5 16. Kh1 Qh4 17. Rg1+ Kh8 18. Rg3 Rg8 19. Rag1 Rg6 20. f4 Ng4 21. f3 Nf6 22.
Bxf7 Rxg3 23. Rxg3 Rf8 24. Bb3 Nh5 25. Rg4 Qh3 26. Qg2 Qxg2+ 27. Kxg2 Nxf4+ 28. Kg3 Nd3 29. a4 Nxb2 30. axb5 axb5 31. Rg5 c5 32. Rd5 Rf6 33.
Rd2 Nc4 34. Bxc4 bxc4 35. Rd5 Kg7 36. e5 dxe5 37. Rxc5 Rf4 38. Rxe5 Rf6 39. Rc5 Rg6+ 40. Kf2 Rh6 41. Rxc4 Rxh2+ 42. Kg3 Rc2 43. Rc6 h6 44. f4 h5 45. Kh4 Rf2 46. Kg5 h4 47. Rc7+ Kf8 48. f5 h3 49. Rh7 h2 50. c4 Rg2+ 51. Kf6 Kg8 52. Rh4 Rc2 53. Ke7 Re2+ 54. Kd6 Kf7 55. c5 Rc2 56. c6 Rd2+ 57. Kc7 Kf6 58.
Kb8 Rb2+ 59. Kc8 Kxf5 60. c7 Ke6 61. Rh6+ Ke7 62. Rh7+ Kd6 63. Kd8 Rb7 64. Rxh2 Rxc7 65. Rh6+ Kd5 66. Kxc7 1-0

[Event "Early-Titled-Tuesday-Blitz-May-14-2024"]
[Site "Chess.com"]
[Date "2024.05.14"]
[Round "5"]
[White "Viktoker"]
[Black "toninhojit"]
[Result "1/2-1/2"]
[WhiteElo "2342"]
[BlackElo "2562"]
[TimeControl "180+1"]
[EndTime "8:58:58 PDT"]
[Termination "Game drawn by repetition"]

1. d4 Nf6 2. Nf3 c5 3. c3 Qc7 4. Bg5 e6 5. Nbd2 d5 6. e3 Be7 7. Bd3 O-O 8. O-O Nc6 9. dxc5 h6 10. Bxf6 Bxf6 11. e4 Rd8 12. Qe2 g6 13. Rac1 a5 14. Rfe1 Bg7 15. Nb3 Ne7 16. a4 Bd7 17. Bb5 Bc6 18. e5 g5 19. Nfd4 Ng6 20. g3 Nxe5 21. Rf1 Ng6 22. Bxc6 bxc6 23. Rce1 Rab8 24. Nc1 Qd7 25. f4 gxf4 26. gxf4 Re8 27. Nd3 e5 28. fxe5 Nxe5 29. Nf5 f6 30. Kh1 Kh8 31. Nd4 Nxd3 32. Qxd3 Rxe1 33. Rxe1 Qg4 34. Qg3 Qxg3 35. hxg3 Rxb2 36.
Re7 f5 37. Nxf5 Bxc3 38. Rc7 d4 39. Rxc6 d3 40. Rd6 d2 41. Ne3 Rb1+ 42. Kg2 Re1 43.
Kf3 Be5 44. Rd7 Bc3 45. c6 d1=Q+ 46. Rxd1 Rxd1 47. Nxd1 Be5 48. Ke4 Bxg3 49. Ne3 h5 50.
Nf5 Bc7 51. Nh4 Kh7 52. Kf5 Kh6 53. Ng6 Kg7 54. Ne7 Kf7 55. Nd5 Bd6 56. c7 Bxc7 57.
Nxc7 Ke7 58. Nd5+ Kd6 59. Nb6 Kc5 60. Nd7+ Kb4 61. Nb6 Kc5 62. Nd7+ Kb4 63. Nb6 Kc5 1/2-1/2

[Event "Early-Titled-Tuesday-Blitz-May-14-2024"]
[Site "Chess.com"]
[Date "2024.05.14"]
[Round "5"]
[White "NiranjanNavalgund"]
[Black "cristiano78"]
[Result "1-0"]
[WhiteElo "2463"]
[BlackElo "2247"]
[TimeControl "180+1"]
[EndTime "8:58:59 PDT"]
[Termination "NiranjanNavalgund won on time"]

1. e4 c5 2. Nf3 d6 3. b4 cxb4 4. a3 bxa3 5. d4 Nf6 6. Bd3 e6 7. O-O Be7 8. e5 dxe5 9. dxe5 Nd5 10. Nxa3 Nc6 11. Qe2 a6 12. Bb2 h6 13. c4 Nf4 14.
Qe3 Nxd3 15. Rad1 Bc5 16. Qxd3 Qxd3 17. Rxd3 Bd7 18. Rfd1 O-O-O 19. Nc2 Ne7 20. Bd4 Bxd4 21. Ncxd4 Bc6 22. Kf1 Bxf3 23. Nxf3 Rxd3 24. Rxd3 Nc6 25. Rc3 Rd8 26. Ke1 Kc7 27. g3 g5 28. Re3 Nd4 29. Nxd4 Rxd4 30. Rf3 Rd7 31. h4 gxh4 32. gxh4 Kc6 33.
Rf6 Kc5 34. Rxh6 Kxc4 35. Rf6 b5 36. h5 b4 37. h6 b3 38. Rf4+ Kc3 39. Rf3+ Rd3 40. Rxf7 Rh3 41. Rc7+ Kb2 42. h7 a5 43. f4 a4 44. f5 exf5 45. Kf2 a3 46. e6 a2 47. Ra7 Rxh7 48. Rxh7 a1=Q 49. e7 Qa7+ 50. Kg2 Qa8+ 51. Kg3 Qg8+ 52. Kf4 Qxh7 53. e8=Q Qh2+ 54. Kxf5 Qf2+ 55. Kg5 Kb1 56. Qe4+ Ka1 57. Qa4+ Kb2 58. Kh6 Qb6+ 59. Kh7 Kc2 60. Qc4+ Kb1 61. Qd3+ Ka2 62.
Qc4 Ka3 63. Qc3 Ka2 64. Qc4 Kb1 65. Qd3+ Kb2 66. Qd2+ Ka3 67. Qc3 1-0

[Event "Early-Titled-Tuesday-Blitz-May-14-2024"]
[Site "Chess.com"]
[Date "2024.05.14"]
[Round "5"]
[White "CristhianPortalR"]
[Black "temus_galaktionov"]
[Result "1/2-1/2"]
[WhiteElo "2548"]
[BlackElo "2859"]
[TimeControl "180+1"]
[EndTime "8:59:00 PDT"]
[Termination "Game drawn - insufficient material"]

1. c4 c6 2. e4 g6 3. Nc3 Bg7 4.
Nge2 d6 5. g3 Nf6 6. Bg2 O-O 7.
O-O e5 8. d3 Nbd7 9. h3 a5 10.
Be3 Ne8 11. Qd2 f5 12. exf5 gxf5 13. f4 Qf6 14. d4 e4 15. g4 Nb6 16. b3 fxg4 17.
Nxe4 Qg6 18. h4 Qh5 19. N2g3 Qxh4 20. f5 Qd8 21. Bg5 Nf6 22. Bxf6 Bxf6 23. Nh5 Bh4 24.
Qh6 Rf7 25. Rf4 Bxf5 26. Raf1 Qf8 27. Qxf8+ Raxf8 28. Nxd6 Bg5 29. Rxf5 Rxf5 30. Rxf5 Be3+ 31. Kf1 Bxd4 32. Rxf8+ Kxf8 33. Nxb7 a4 34. Bxc6 a3 35.
c5 Nc8 36. Nf4 Ke7 37. Be4 h6 38. c6 Na7 39. Ke2 Be5 40. Ng6+ Kf6 41. Nc5 Bd6 42. Nd7+ Kg5 43. Nh8 Kf4 44. Bd5 h5 45. Nf6 h4 46.
Ne8 Bc5 47. c7 h3 48. Ng6+ Kg5 49. Ne5 g3 50. Kf1 g2+ 51. Bxg2 hxg2+ 52. Kxg2 Kf5 53. Nc6 Nc8 54. b4 Bb6 55. b5 Ke6 56. Kf3 Kd7 57. Nf6+ Kxc7 58. Nd5+ Kd6 59. Ke4 Kc5 60. Nd4 Kc4 61. Nc2 Kxb5 62. Nxa3+ Ka4 63. Nc4 Bc5 64. Kd3 Nd6 65. Nc3+ Kb4 66. Nd5+ Ka4 67. Ncb6+ Ka3 68. Nc4+ Kxa2 69. Nxd6 Bxd6 1/2-1/2

[Event "Early-Titled-Tuesday-Blitz-May-14-2024"]
[Site "Chess.com"]
[Date "2024.05.14"]
[Round "5"]
[White "cukus"]
[Black "carloseduar100"]
[Result "1-0"]
[WhiteElo "2383"]
[BlackElo "2214"]
[TimeControl "180+1"]
[EndTime "8:59:00 PDT"]
[Termination "cukus won by checkmate"]

1. e4 e6 2. d4 d5 3. Nc3 Nf6 4. e5 Nfd7 5. f4 c5 6. Nf3 Nc6 7. Be3 Qb6 8. Qd2 Qxb2 9. Rb1 Qa3 10. Bb5 cxd4 11. Nxd4 Bb4 12. Rb3 Qa5 13. Bxc6 bxc6 14. Nxc6 Bxc3 15. Nxa5 Bxd2+ 16. Kxd2 O-O 17. Rhb1 Nb6 18. a3 Bd7 19. Bxb6 axb6 20. Nb7 b5 21. Nd6 g6 22. Kc3 h5 23. Kb2 Ra4 24. g3 Rfa8 25. Ra1 R4a5 26. Nb7 R5a7 27. Nc5 Bc6 28. c3 Kg7 29.
Nd3 h4 30. Nb4 Bd7 31. Nd3 hxg3 32. hxg3 Rh8 33. Rc1 Rh3 34. Rg1 Rc7 35. Rg2 Rc4 36. Nf2 Rh5 37. Ng4 Rh1 38. Nf6 Bc6 39. Rf2 Rg1 40.
g4 d4 41. cxd4 Rxd4 42. Rc3 Bd5 43. Rc8 Rdd1 44. Rg8+ Kh6 45. g5+ Rxg5 46. fxg5+ Kxg5 47.
Nh7+ Kg4 48. Nf6+ Kg3 49. Rc2 Re1 50. Nxd5 exd5 51. Rd8 Rxe5 52. Rd2 f5 53. R8xd5 Re3 54. Rxb5 f4 55. Rb3 g5 56. a4 g4 57. a5 Kf3 58.
a6 g3 59. a7 Rxb3+ 60. Kxb3 Ke3 61. Rc2 f3 62. a8=Q g2 63. Qa7+ Kf4 64. Qf2 Kg4 65.
Rc4+ Kh3 66. Rh4# 1-0

[Event "Early-Titled-Tuesday-Blitz-May-14-2024"]
[Site "Chess.com"]
[Date "2024.05.14"]
[Round "5"]
[White "SharapovEvgeny"]
[Black "Lady_Nika"]
[Result "1-0"]
[WhiteElo "2645"]
[BlackElo "2485"]
[TimeControl "180+1"]
[EndTime "8:59:01 PDT"]
[Termination "SharapovEvgeny won by resignation"]

1. e4 e6 2. d4 d5 3. exd5 exd5 4. Nf3 Nf6 5. Bd3 Be7 6. O-O O-O 7. h3 c6 8. Bf4 Nbd7 9. Nbd2 Re8 10. Re1 Nf8 11. c3 Ng6 12. Bh2 Bd7 13. Ne5 Qb6 14. Qb3 Be6 15.
Nxg6 hxg6 16. Bxg6 Bxh3 17. Bxf7+ Kxf7 18. gxh3 Rh8 19. Qxb6 axb6 20. Kg2 Nh5 21. Nf3 Bf6 22. a3 Rag8 23. Ne5+ Bxe5 24. Rxe5 g5 25. Rh1 Nf6 26.
f3 Kg6 27. Bg3 Nh5 28. Re7 Rh7 29. Rxh7 Kxh7 30. Re1 Rg7 31. Re5 Kg6 32. Bh2 Rf7 33.
Re6+ Kf5 34. Re5+ Kg6 35. Re8 b5 36. Rg8+ Kh6 37. Be5 Re7 38. Kf2 Rf7 39. Ke3 Re7 40. Kf2 Rf7 41. Rc8 Nf4 42. Bxf4 gxf4 43. Rg8 Kh5 44. Rg4 Kh6 45. Ke2 Kh5 46. Kd2 Kh6 47. Kc2 Kh5 48. Kb3 Kh6 49. Kb4 b6 50. a4 bxa4 51.
Kxa4 Ra7+ 52. Kb3 Rf7 53. c4 dxc4+ 54. Kxc4 Rf5 55. b4 Kh5 56. Kd3 Rb5 57. Kc3 Rf5 58. Kc4 Kh6 59. h4 Rf8 60. d5 cxd5+ 61. Kxd5 Rf5+ 62.
Kc6 b5 63. Rg5 Rf6+ 64. Kxb5 Re6 65. Rf5 Re3 66. Rxf4 Kh5 67. Kc5 Rc3+ 68. Rc4 Rxf3 69. b5 Rf5+ 70. Kb4 Rf1 71. b6 Kg6 72. Kb5 Kf6 73.
b7 Rb1+ 74. Rb4 1-0

[Event "Early-Titled-Tuesday-Blitz-May-14-2024"]
[Site "Chess.com"]
[Date "2024.05.14"]
[Round "5"]
[White "kids2010"]
[Black "Agibileg"]
[Result "1/2-1/2"]
[WhiteElo "2786"]
[BlackElo "2900"]
[TimeControl "180+1"]
[EndTime "8:59:02 PDT"]
[Termination "Game drawn by repetition"]

1. d4 Nf6 2. c4 g6 3. Nc3 Bg7 4. h4 d6 5. e4 c5 6. d5 b5 7. cxb5 a6 8. Nf3 O-O 9. a4 axb5 10. Bxb5 Ba6 11. Bxa6 Nxa6 12. O-O c4 13. Qe2 Qc8 14.
Nd2 Nc5 15. Nxc4 Rb8 16. Ra3 Rb4 17. Nd2 Nh5 18. g3 Qh3 19. Qf3 Nf6 20. Qg2 Qd7 21. Qf3 Rfb8 22. Kg2 Nxa4 23. Nxa4 Rxa4 24. Rxa4 Qxa4 25.
b3 Qd4 26. Rd1 h5 27. Qe2 Rc8 28. Nc4 Qxe4+ 29. Qxe4 Nxe4 30. Re1 Nc5 31. Bg5 Nxb3 32. Nb6 Rc2 33. Rxe7 Bd4 34. Be3 Bxe3 35. Rxe3 Nd4 36.
Nc8 Nf5 37. Re8+ Kg7 38. Rd8 Ne3+ 39. Kf3 Ng4 40. Nxd6 f5 41. Kf4 Kf6 42. Ne8+ Ke7 43.
Ra8 Nxf2 44. Ng7 Rc4+ 45. Kg5 Rg4+ 46. Kh6 Ne4 47. Ra7+ Kd6 48. Ra5 Nxg3 49. Ne8+ Ke7 50. Ra8 Ne4 51. Kg7 f4 52. Nc7 f3 53. Nb5 f2 54.
Ra7+ Kd8 55. Ra8+ Kd7 56. Ra7+ Kc8 57. Rf7 Rg1 58. Na7+ Kd8 59. Nc6+ Kc8 60. Na7+ Kb8 61. Nc6+ Kc8 62. Na7+ 1/2-1/2

[Event "Early-Titled-Tuesday-Blitz-May-14-2024"]
[Site "Chess.com"]
[Date "2024.05.14"]
[Round "5"]
[White "jaskol95"]
[Black "AnnaChessLook"]
[Result "0-1"]
[WhiteElo "2516"]
[BlackElo "2369"]
[TimeControl "180+1"]
[EndTime "8:59:03 PDT"]
[Termination "AnnaChessLook won by checkmate"]

1. Nf3 c5 2. e3 g6 3. d4 Bg7 4. b3 Nf6 5. Bb2 cxd4 6. exd4 d5 7. c4 O-O 8. Nc3 Nc6 9. Be2 Bf5 10. O-O Rc8 11.
a3 dxc4 12. bxc4 Ne4 13. Re1 Na5 14. Qa4 Bd7 15. Qb4 Nxc3 16. Bxc3 b6 17. Rad1 Re8 18. Bf1 Bg4 19. Be2 Qc7 20. c5 Rb8 21. h3 Bf5 22.
cxb6 axb6 23. Bb5 Bd7 24. Rc1 Bxb5 25. Qxb5 Qc6 26. Qg5 Qa4 27. Bb4 e6 28. Rc7 Rb7 29. Rec1 Rxc7 30. Rxc7 Qd1+ 31. Kh2 Nb3 32. Qf4 f5 33.
Rd7 Qc1 34. Qd6 Qc8 35. Rc7 Qd8 36. Qxb6 Nxd4 37. Rxg7+ Kxg7 38. Qxd4+ Qxd4 39. Nxd4 e5 40. Nc6 e4 41. a4 Ra8 42. a5 Kf7 43. Bd2 Ke6 44.
Kg3 Kd7 45. Ne5+ Ke6 46. Nc4 Ra6 47. Nb2 Kd5 48. Nc4 Kxc4 49. Kf4 Kd3 50. Be1 Ke2 51.
Bb4 Kxf2 52. g4 e3 53. Bc5 Rxa5 54. Bxe3+ Kg2 55. gxf5 Rxf5+ 56. Kg4 h5+ 57. Kh4 Rf3 58.
Ba7 Rxh3+ 59. Kg5 Rg3+ 60. Kf4 h4 61. Bb8 g5+ 62. Ke4 h3 63. Kf5 h2 64. Kg6 h1=Q 65.
Be5 Rf3 66. Kg7 Qb1 67. Kg8 Rf5 68. Bg7 Qe4 69. Kh7 Re5+ 70. Kh6 Re7 71. Kh5 Re6 72. Bf6 Qh4+ 73. Kg6 Rxf6+ 74. Kg7 g4 75. Kg8 g3 76.
Kg7 Rf5 77. Kg8 Qg4+ 78. Kh7 Rh5# 0-1

[Event "Early-Titled-Tuesday-Blitz-May-14-2024"]
[Site "Chess.com"]
[Date "2024.05.14"]
[Round "5"]
[White "colegiodemadrid"]
[Black "ploxoi"]
[Result "0-1"]
[WhiteElo "2550"]
[BlackElo "2338"]
[TimeControl "180+1"]
[EndTime "8:59:08 PDT"]
[Termination "ploxoi won by resignation"]

1. Nf3 d5 2. e3 Nf6 3. c4 c6 4. Nc3 Bf5 5. b3 e6 6. Bb2 h6 7. h3 Be7 8. Be2 a5 9. Rc1 Nbd7 10.
cxd5 exd5 11. O-O O-O 12. d3 Re8 13. Qc2 Bb4 14. a3 Bf8 15. Rfe1 Qb6 16. Bf1 Nc5 17.
Na4 Nxa4 18. bxa4 Rac8 19. Bxf6 gxf6 20. Rb1 Qc7 21. Qb2 Kg7 22. Qxb7 Qxb7 23. Rxb7 Bxa3 24.
Nd4 Bg6 25. f4 Bb4 26. Rd1 c5 27. Nb5 Rxe3 28. g4 f5 29. Nd6 Rc6 30. Nxf5+ Bxf5 31. gxf5 Kf6 32. Kf2 Re8 33. Bg2 Rd6 34. d4 cxd4 35. Rb5 Rc8 36. Bxd5 Bc5 37. Be4 d3+ 38. Kf3 d2 39. Rxa5 Bb4 40. Rd5 Rc3+ 41. Ke2 Rxd5 42. Bxd5 Rxh3 43. Bf3 Rh2+ 44. Ke3 Kxf5 45. Be4+ Kf6 46.
Rb1 Rh3+ 47. Kd4 Bc3+ 48. Kd5 Re3 49. Bc2 Re1 50. Bd1 h5 51. Rb6+ Kg7 52. Bxh5 d1=Q+ 53. Bxd1 Rxd1+ 54. Kc4 Bf6 55. Rb5 Rd4+ 56. Kb3 Rxf4 57. a5 Rf1 58. Rb4 Ra1 59. Ra4 Rxa4 60. Kxa4 Bd4 61. Kb5 f5 62. Kc4 Bg1 63. a6 f4 64.
Kd3 Kf6 65. Ke4 Kg5 66. Kf3 Ba7 67. Ke2 Kg4 68. Kf1 f3 69. Ke1 Kg3 70. Kf1 Kh2 71.
Ke1 Kg2 0-1

[Event "Early-Titled-Tuesday-Blitz-May-14-2024"]
[Site "Chess.com"]
[Date "2024.05.14"]
[Round "5"]
[White "GambitGiesbergen"]
[Black "DvaHrasta"]
[Result "1-0"]
[WhiteElo "2334"]
[BlackElo "2526"]
[TimeControl "180+1"]
[EndTime "8:59:08 PDT"]
[Termination "GambitGiesbergen won on time"]

1. Nf3 Nf6 2. c4 e6 3. Nc3 c5 4.
d4 cxd4 5. Nxd4 Nc6 6. e4 d5 7. cxd5 exd5 8. exd5 Nxd5 9. Bb5 Nxc3 10. bxc3 Bd7 11.
O-O Nxd4 12. Bxd7+ Qxd7 13. cxd4 Be7 14. Bb2 O-O 15. Qf3 Bf6 16. Rfd1 Rac8 17. Rd2 Rfd8 18. Rad1 Qd5 19. Qa3 a6 20. g3 h5 21. h4 Rc4 22. Qb3 b5 23. Qe3 Rdc8 24. Qa3 Ra4 25. Qb3 Rac4 26. Qa3 R8c6 27. Qe3 g6 28. Qe2 Kg7 29.
Kh2 b4 30. Ba1 a5 31. Qd3 a4 32. Kg1 Rc1 33. Bb2 Rxd1+ 34. Rxd1 Rd6 35. Qb1 Qf3 36. d5 Bc3 37. Rd3 Qe4 38. Qc2 Bxb2 39. Qxb2+ Kh7 40. Rd4 Qe1+ 41. Kg2 b3 42. axb3 Rb6 43. Rf4 Qe7 44. Rxa4 Qb7 45. Rf4 Qxd5+ 46. Kh2 Rxb3 47. Qf6 Rb7 48. g4 Rd7 49. gxh5 Qxh5 50. Qg5 Qxg5 51. hxg5 Kg7 52. Rg4 Rd5 53. Kg3 Rf5 54. f4 Ra5 55. Kh4 Ra3 56. Rg3 Ra4 57. Rf3 f6 58. gxf6+ Kxf6 59. Kg4 Rb4 60. Kg3 Kf5 61. Ra3 g5 62. Ra5+ Ke4 63. fxg5 Rb1 64. Kg4 Rg1+ 65. Kh5 Rh1+ 66. Kg6 Rb1 67. Kh6 Rh1+ 68. Kg7 Ra1 69. Rxa1 1-0

[Event "Early-Titled-Tuesday-Blitz-May-14-2024"]
[Site "Chess.com"]
[Date "2024.05.14"]
[Round "5"]
[White "Gryffindorac8"]
[Black "briesmas"]
[Result "1-0"]
[WhiteElo "2502"]
[BlackElo "2312"]
[TimeControl "180+1"]
[EndTime "8:59:10 PDT"]
[Termination "Gryffindorac8 won by checkmate"]

1. d4 d5 2. c4 c6 3. Nf3 Nf6 4. Nc3 e6 5. g3 Bd6 6. Bg2 O-O 7. O-O Nbd7 8. Qd3 dxc4 9. Qxc4 Qc7 10. e4 e5 11. Be3 b5 12. Qe2 a5 13. Rfc1 b4 14.
Nb5 Qb8 15. Nxd6 Qxd6 16. dxe5 Nxe5 17. Bc5 Qd3 18. Qxd3 Nxd3 19. Bxf8 Nxc1 20. Rxc1 Kxf8 21. e5 Nd5 22. Nd4 Ne7 23. Nxc6 Nxc6 24. Rxc6 Rb8 25.
Rc7 Be6 26. Ra7 Bxa2 27. Rxa5 Bc4 28. f4 b3 29. Kf2 Rd8 30. Rc5 Rd2+ 31. Kg1 Rc2 32.
Rc8+ Ke7 33. Bc6 f6 34. Rc7+ Kf8 35. Rc8+ Kf7 36. Rc7+ Kf8 37. Be4 Rc1+ 38. Kf2 fxe5 39. fxe5 h6 40. Ke3 Kg8 41. Kd4 Rd1+ 42. Ke3 Bf1 43.
Bf3 Rb1 44. Rc3 Bb5 45. Bd5+ Kf8 46. Rxb3 Bd7 47. Rb8+ Ke7 48. Rb7 Ke8 49. e6 Rc1 50. exd7+ Kd8 51. Be6 Re1+ 52. Kd4 Rxe6 53. Kd5 Rf6 54.
b4 g5 55. b5 h5 56. b6 h4 57. Kc5 hxg3 58. hxg3 Rf5+ 59. Kb4 g4 60. Rc7 Rf6 61. Kb5 Rd6 62. Ka6 Ke7 63. Kb7 Rd1 64. Kc8 Ke6 65. b7 Ke7 66. b8=Q Ke6 67. Qb6+ Rd6 68. Qxd6+ Kxd6 69. d8=Q+ Ke5 70. Re7+ Kf5 71. Qf8+ Kg6 72. Rg7+ Kh6 73.
Qh8# 1-0

[Event "Early-Titled-Tuesday-Blitz-May-14-2024"]
[Site "Chess.com"]
[Date "2024.05.14"]
[Round "5"]
[White "Chernov_Alexander_A"]
[Black "flubs"]
[Result "0-1"]
[WhiteElo "2271"]
[BlackElo "2428"]
[TimeControl "180+1"]
[EndTime "8:59:10 PDT"]
[Termination "flubs won on time"]

1. d4 d5 2. Nf3 Nc6 3. c4 Bg4 4.
cxd5 Bxf3 5. dxc6 Bxc6 6. Nc3 Nf6 7. f3 e5 8. dxe5 Qxd1+ 9. Kxd1 Nd7 10. Bf4 Nc5 11. Kc2 O-O-O 12. e4 Ne6 13. Be3 Bb4 14.
Bc4 Bxc3 15. bxc3 a6 16. Rhd1 Ba4+ 17. Bb3 Bb5 18. a4 Bc6 19. Bd5 h6 20. Bxc6 bxc6 21. Rxd8+ Rxd8 22. Rd1 g5 23. Rxd8+ Kxd8 24. g3 Kd7 25. f4 gxf4 26. gxf4 h5 27. Kd3 Nf8 28.
f5 Kc8 29. Kc4 Kd7 30. Bg5 Kc8 31. Bh6 Nd7 32. Bf4 Nf8 33. Kb4 Nd7 34. Kc4 Nb6+ 35.
Kb4 Nd7 36. h4 Kb7 37. a5 c5+ 38. Kc4 Kc6 39. e6 fxe6 40. fxe6 Nf6 41. e7 Ne8 42.
Bg5 Kd6 43. Kd3 Ke5 44. Kc4 Kd6 45. e5+ Kc6 46. e6 Nd6+ 47. Kd3 Kd5 48. c4+ Kxe6 49. Kc3 Kd7 50. Kd3 Nb7 51. Kc3 Nxa5 52. Kd3 Nc6 53.
Kc3 Nxe7 54. Kb3 Nc6 55. Ka4 Ne5 56. Kb3 a5 57. Bd2 a4+ 58. Kxa4 Nxc4 59. Bg5 Kc6 60. Kb3 Kd5 61. Kc3 Nd6 62. Bf4 c4 63. Bg3 c5 64.
Bh2 Ne4+ 65. Kc2 Nf2 66. Bg3 Nd3 0-1

[Event "Early-Titled-Tuesday-Blitz-May-14-2024"]
[Site "Chess.com"]
[Date "2024.05.14"]
[Round "5"]
[White "MatthewG-p4p"]
[Black "Aemulus20"]
[Result "1-0"]
[WhiteElo "2839"]
[BlackElo "2644"]
[TimeControl "180+1"]
[EndTime "8:59:11 PDT"]
[Termination "MatthewG-p4p won by resignation"]

1. e4 c5 2. c3 Nf6 3. e5 Nd5 4. Nf3 Nc6 5. Bc4 Nb6 6. Bb3 d6 7. exd6 Qxd6 8. O-O Be6 9. Bxe6 Qxe6 10. a4 Na5 11. d4 Nb3 12. Re1 Qd5 13. Re5 Qc4 14.
Nbd2 Nxd2 15. Nxd2 Qd3 16. Re3 Qf5 17. Re5 Qd3 18.
a5 Nd7 19. Re3 Qa6 20. Nf3 cxd4 21. Nxd4 e6 22. Qg4 Nf6 23. Qg3 Qd6 24. Qg5 h6 25. Qb5+ Qd7 26. a6 b6 27. Qxd7+ Kxd7 28. Nb5 Kc6 29.
c4 Bc5 30. Re2 Rhd8 31. Bd2 Ne4 32. Be1 Nd6 33. b4 Nxc4 34. Nxa7+ Rxa7 35. bxc5 bxc5 36. Rc2 Nb6 37. f3 Rda8 38. Bf2 Nd7 39. Rca2 Kb5 40.
Rb1+ Kc6 41. Rba1 f6 42. Be3 e5 43. Kf2 Nf8 44. Rc2 Ne6 45. Rac1 Rxa6 46. Bxc5 Ra2 47. Ba3+ Rxc2+ 48. Rxc2+ Kd7 49. Bb4 Nd4 50. Rd2 Ke6 51. Bc3 Nf5 52. Rb2 Nd6 53. Rb6 Kd7 54. Rb2 Rc8 55. Be1 Nc4 56. Ra2 Rc7 57.
Bb4 Ke6 58. Rc2 Rc6 59. Bf8 g5 60. Bxh6 Kf7 61. Ra2 Rc8 62. h4 Kg6 63. hxg5 fxg5 64. Ra6+ Kh5 65. g4+ Kh4 66. Bg7 Nb6 67. Rxb6 Rc2+ 68.
Ke3 Rc3+ 69. Ke2 Rc2+ 70. Kd3 Rf2 71. Ke3 Rf1 72. Bxe5 Kh3 73. Rh6+ Kg2 74. Rh2+ Kg1 75. Ra2 Re1+ 76. Kd4 Rf1 77. Ke4 Rf2 78. Bd4 1-0